 Dungeon Crawl Stone Soup version 0.26-a0-651-gb41185065b (webtiles) character file.

Game seed: 2562051840336190981

581 tof the Twirler (level 7, -1/55 HPs)
             Began as a Demonspawn Gladiator on Sept 30, 2020.
             Slain by an ufetubus (3 damage)
             ... summoned by Eustachio
             ... on level 4 of the Dungeon.
             The game lasted 00:08:45 (4325 turns).

tof the Twirler (Demonspawn Gladiator)              Turns: 4325, Time: 00:08:46

Health: -1/55      AC:  4    Str: 14      XL:     7   Next: 13%
Magic:  7/7        EV: 15    Int: 10      God:
Gold:   190        SH:  0    Dex: 21 (22) Spells: 6/6 levels left

rFire    + . .     SeeInvis .   a - +1 quarterstaff
rCold    . . .     Faith    .   (shield currently unavailable)
rNeg     . . .     Spirit   .   b - +0 leather armour
rPois    .         Reflect  .   c - +0 helmet
rElec    .         Harm     .   (no cloak)
rCorr    .         Rampage  .   (no gloves)
MR       .....                  (no boots)
Stlth    ++........             (no amulet)
HPRegen  0.18/turn              u - +6 ring of dexterity
MPRegen  0.10/turn              (no ring)

@: no status effects
A: talons 2, fire resistance 1
a: no special abilities


You were on level 4 of the Dungeon.
You visited 1 branch of the dungeon, and saw 5 of its levels.
You also visited: Sewer.

You collected 190 gold pieces.

Inventory:

Hand Weapons
 a - a +1 quarterstaff (weapon)
Missiles
 d - 4 throwing nets
 p - 12 poisoned darts (quivered)
Armour
 b - a +0 leather armour (worn)
 c - a +0 helmet (worn)
Jewellery
 u - a +6 ring of dexterity (left hand)
Scrolls
 e - 5 scrolls of teleportation
 g - a scroll of enchant weapon
 i - 2 scrolls of remove curse
 m - a scroll of fear {unknown}
 o - a scroll of random uselessness {unknown}
 r - 2 scrolls of fog {unknown}
 s - a scroll of enchant armour {unknown}
 t - a scroll of identify {unknown}
Potions
 f - 3 potions of curing
 h - 2 potions of heal wounds {unknown}
 j - a potion of lignification {unknown}
 k - a potion of might {unknown}
 l - 2 potions of haste {unknown}
 n - a potion of mutation {unknown}
 q - 3 potions of flight {unknown}
 v - a potion of brilliance {unknown}


   Skills:
 + Level 4.7 Fighting
 + Level 4.8 Staves
 - Level 1.9 Throwing
 + Level 4.8 Dodging


You had 6 spell levels left.
You didn't know any spells.
Your spell library was empty.

Dungeon Overview and Level Annotations

Branches:
Dungeon (5/15)              Sewer (visited)
 Temple: D:4-7

Altars:
Ashenzari
Xom

Annotations:
D:4 2 transporters, Eustachio; Lovchig's ghost, weakling DDCj


Innate Abilities, Weirdness & Mutations

You have razor-sharp toenails.
Your flesh is heat resistant. (rF+)


Message History

The river rat barely misses you. The river rat closely misses you.
The ufetubus completely misses you. The ufetubus misses you.
You hit the worker ant.
You claw the worker ant, but do no damage.
The worker ant is lightly wounded.
The quasit misses you.
The quasit claws you but does no damage.
The quasit completely misses you. The worker ant bites you.
* * * LOW HITPOINT WARNING * * *
Something hits you.
* * * LOW HITPOINT WARNING * * *
The ufetubus completely misses you. The ufetubus barely misses you.
The river rat bites you.
* * * LOW HITPOINT WARNING * * *
The river rat barely misses you.
The quasit bites you but does no damage.
The quasit claws you but does no damage.
The quasit closely misses you. The worker ant barely misses you.
The ufetubus hits you.
You die...

.#########################....#..
......).........#### ###.....
.##############.##.# ##..## .#
#.##.# #..#5 ## #....###### #..#5
# . ####.....<# #..#. # ....
#..###### ###.##. .....###..#.###
#...#.# .....rr@5.....# #...#
.....rar5.#...# #...##
.....(#.....#.####...©#.
......##..#.......##.##.
..............(##....#..
.....###..###..##..#.##. .(..
..............#).## ....
####..............#
#......#.#.###.g


You could see a worker ant, a quasit (summoned), 2 river rats, an ufetubus
(summoned) and 2 rats.

Vanquished Creatures
  2 ogres
  A big kobold (Sewer)
  A scorpion (D:3)
  A bullfrog zombie (D:4)
  A hound (D:4)
  An orc wizard (D:3)
  A worker ant (D:3)
  An adder (D:4)
  4 gnolls (D:4)
  2 river rats (Sewer)
  2 oozes (D:1)
  2 worms
  2 dart slugs
  7 leopard geckos
  6 orcs (D:3)
  6 bats
  6 giant cockroaches
  8 goblins
  8 hobgoblins
  6 jackals
  10 kobolds
  A ball python (D:1)
  3 frilled lizards
  A quokka skeleton (D:4)
  9 rats
92 creatures vanquished.

Notes
Turn   | Place    | Note
-------+----------+-------------------------------------------
     0 | D:1      | tof the Demonspawn Gladiator began the quest for the Orb.
     0 | D:1      | Reached XP level 1. HP: 16/16 MP: 1/1
    59 | D:1      | Found a shimmering altar of Xom.
   407 | D:1      | Gained mutation: You have sharp toenails. [demonic
                  | ancestry]
   407 | D:1      | Reached XP level 2. HP: 15/22 MP: 2/2
   848 | D:1      | Gained mutation: You have razor-sharp toenails. [demonic
                  | ancestry]
   848 | D:1      | Reached XP level 3. HP: 16/28 MP: 3/3
  1419 | D:2      | Noticed an ogre
  1699 | D:2      | Killed an ogre
  1699 | D:2      | Gained mutation: Your flesh is heat resistant. (rF+)
                  | [demonic ancestry]
  1699 | D:2      | Reached XP level 4. HP: 35/35 MP: 4/4
  1796 | D:2      | Reached XP level 5. HP: 38/41 MP: 5/5
  2463 | D:3      | You fall into a shaft and drop 2 floors!
  2463 | D:5      | Entered Level 5 of the Dungeon
  2511 | D:4      | Found a broken altar of Ashenzari.
  2675 | D:4      | Found a transporter.
  2681 | D:4      | Found a transporter.
  2712 | D:3      | Found a glowing drain.
  2730 | Sewer    | Entered a sewer
  2745 | Sewer    | Reached XP level 6. HP: 41/48 MP: 6/6
  3113 | Sewer    | Found a white marble altar of Elyvilon.
  3878 | D:4      | Noticed Eustachio
  3925 | D:4      | Noticed Lovchig's ghost (weakling DDCj)
  4212 | D:4      | Reached XP level 7. HP: 55/55 MP: 7/7
  4325 | D:4      | HP: 2/55 [river rat[Eustachio] (1)]
  4325 | D:4      | Slain by an ufetubus

Illustrated notes

Levels and vault maps discovered:
D:1:      nicolae_arrival_washed_ashore, layout_loops_corners, st_stairs_14,
          xom_teletrap_fun
D:2:      layout_basic, minmay_misc_feat_encased,
          minmay_misc_feat_secret_circle, dk_noncrumbling_3
D:3:      layout_loops_ring, portal_sewer_entry_f
D:4:      layout_basic, grunt_temple_overflow_octagram,
          cheibrodos_ashenzari_chains, gammafunk_ghost_stat_death,
          uniq_eustachio
D:5:      layout_rooms, ebering_ghost_reflecting_pool, st_stairs_11,
          uniq_sigmund

Skill      XL: |  1  2  3  4  5  6 |
---------------+-------------------+-----
Staves         | 3 4 |  4.8
Dodging        | 3 4 |  4.8
Fighting       | 3 4 |  4.7
Throwing       | |  1.9

Action                   |  1- 3 |  4- 6 |  7- 9 || total
-------------------------+-------+-------+-------++-------
Melee: Quarterstaff      |    89 |   155 |    11 ||   255
       Kick              |    17 |    45 |     3 ||    65
Throw: Dart              |       |     7 |     3 ||    10
  Use: Scroll            |       |     5 |       ||     5
       Potion            |       |     1 |       ||     1
 Stab: Sleeping          |     1 |       |       ||     1
       Distracted        |       |     1 |       ||     1
Armor: Leather armour    |    39 |    25 |    13 ||    77
Dodge: Dodged            |    95 |   146 |    39 ||   280

Table legend: (Time is in decaauts)
 A = Elapsed time spent in this place.
 B = Non-inter-level travel time spent in this place.
 C = Inter-level travel time spent in this place.
 D = Time resting spent in this place.
 E = Time spent auto-exploring this place.
 F = Levels seen in this place.
 G = Mean time per level.
                   A        B        C        D        E       F      G
               +--------+--------+--------+--------+--------+-----+--------+
         Total |   4397 |   4280 |    117 |   1421 |   1702 |   6 |  732.8 |
       Dungeon |   3869 |   3752 |    117 |   1148 |   1600 |   5 |  773.8 |
         Sewer |    528 |    528 |      0 |    273 |    102 |   1 |  528.0 |
               +--------+--------+--------+--------+--------+-----+--------+

Top non-repeatable levels by time:
     D:1: 1515 daAuts
     D:3: 906 daAuts
     D:4: 757 daAuts
     D:2: 682 daAuts
   Sewer: 528 daAuts
     D:5: 6 daAuts
